 Dungeon Crawl Stone Soup version 0.31-a0-7-g51783674b7 (webtiles) character file.

Game seed: 7359016277947443842

142 NinjaNoafa the Sneak (level 5, 0/26 HPs)
             Began as a Vine Stalker Brigand on May 5, 2023.
             Killed by divine providence
             ... invoked by an orc priest
              (9 damage)
             ... on level 4 of the Dungeon.
             The game lasted 00:02:55 (760 turns).

NinjaNoafa the Sneak (Vine Stalker Brigand)          Turns: 760, Time: 00:02:56

Health: 0/26       AC:  5    Str: 13    XL:     5   Next: 25%
Magic:  0/6        EV: 11    Int: 11    God:
Gold:   85         SH:  0    Dex: 18    Spells: 4/4 levels left

rFire   . . .        b - +1 short sword (freeze)
rCold   + . .        (no shield)
rNeg    . . .        i - +1 leather armour {rC+}
rPois   .            (no helmet)
rElec   .            c - +0 cloak
rCorr   .            (no gloves)
SInv    .            (no boots)
Will    .....        (no amulet)
Stlth   +++          j - ring of flight
HPRegen 1.04/turn    (no ring)
MPRegen 0.10/turn

%: guardian spirit
@: flying
A: fangs 2, regeneration 1, magic shield, antimagic bite, no potion heal 2
a: no special abilities


You were on level 4 of the Dungeon.
You visited 1 branch of the dungeon, and saw 3 of its levels.

You collected 85 gold pieces.

Inventory:

Hand Weapons
 a - a +2 dagger
 b - a +1 short sword of freezing (weapon)
Missiles
 d - 9 poisoned darts (quivered)
 e - 2 curare-tipped darts
 k - a throwing net
Armour
 c - a +0 cloak (worn)
 i - a +1 leather armour of cold resistance (worn)
Jewellery
 j - a ring of flight (left hand)
Scrolls
 f - 4 scrolls of teleportation {unknown}
Potions
 g - a potion of lignification {unknown}
 h - a potion of mutation {unknown}


   Skills:
 - Level 1.8 Fighting
 + Level 3.5 Short Blades
 - Level 1.9 Throwing
 - Level 0.7 Dodging
 + Level 6.6 Stealth


You had 4 spell levels left.
You didn't know any spells.
Your spell library contained the following spells:

 Spells                   Type           Power      Damage    Failure   Level
 Summon Small Mammal      Summ           0%         N/A       41%         1
 Call Canine Familiar     Summ           0%         N/A       80%         3
 Summon Guardian Golem    Hex/Summ       0%         N/A       80%         3


Dungeon Overview and Level Annotations

Branches:
Dungeon (2/15)

Altars:

Shops:
D:4 *


Innate Abilities, Weirdness & Mutations

You have extremely sharp teeth.
Your natural rate of healing is unusually fast.
When hurt, damage is shared between your health and your magic reserves.
Your bite disrupts and absorbs the magic of your enemies.
Potions cannot restore your health.


Message History

You hit the orc priest but do no damage.
The orc priest is moderately wounded.
The orc priest barely misses you.
You hit the orc priest. You freeze the orc priest. You bite the orc priest.
You drain its power.
The orc priest is almost dead.
You hit the orc priest. You freeze the orc priest.
You bite the orc priest, but do no damage.
The orc priest is almost dead.
The orc priest mumbles some strange prayers to Beogh against you.
Beogh smites you!
You hit the orc priest. You freeze the orc priest.
You kill the orc priest!
You have reached level 5!
You barely miss the orc. The orc priest barely misses you.
The orc hits you but does no damage.
Items here: ))) ††††.
You hit the orc priest. You freeze the orc priest. You bite the orc priest.
You drain its power.
You feel invigorated.
The orc priest is heavily wounded.
The orc priest calls down the wrath of Beogh upon you.
Beogh smites you!
* * * LOW HITPOINT WARNING * * *
The orc misses you.
Unknown command.
Throw: 10 darts (poison)
Press: ? - help, Q - select action, (/) - cycle Shift-Dir - straight line, f - orc priest
Aim: an orc priest, wielding a +0 short sword and wearing a +0 leather armour (heavily wounded, 60% to hit)
You throw a poisoned dart. The poisoned dart hits the orc priest.
The orc priest is poisoned.
The orc priest is heavily wounded.
The orc priest hits you with a +0 short sword.
* * * LOW HITPOINT WARNING * * *
The orc drinks a potion.
The orc seems to grow stronger.
You barely miss the orc priest.
You bite the orc priest, but do no damage.
The orc priest is heavily wounded.
The orc priest calls down the wrath of Beogh upon you.
Beogh smites you!
You die...

.....# [.. ######...
###....# #.. #.........
.......# ... #........#
.....#.# #.# #........#
.......# #.# #.[......#
######.######.# #........#
#.............###........#
............#...#........#.
................@o.(.(.....
............#..o####.#.....
#...........#...# ... ...
#...........#...# ##h.# .
.................. .(..
#...........#...#.. ....
#...........#....... .(.
#...........###..... ..(
############# ..


You could see an orc priest (poisoned) and an orc (strong).

Vanquished Creatures
  A black bear (D:4)
  An orc priest (D:4)
  3 orcs (D:4)
  2 ball pythons
  2 endoplasms
  A giant cockroach (D:1)
  3 goblins
  A hobgoblin (D:4)
  2 kobolds (D:1)
  2 quokkas
  A bat (D:1)
  2 frilled lizards
  A rat (D:1)
22 creatures vanquished.

Notes
Turn   | Place    | Note
-------+----------+-------------------------------------------
     0 | D:1      | NinjaNoafa the Vine Stalker Brigand began the quest for the
                  | Orb.
     0 | D:1      | Reached XP level 1. HP: 11/11 MP: 2/2
   486 | D:1      | Reached skill level 5 in Stealth
   513 | D:1      | Reached XP level 2. HP: 14/15 MP: 3/3
   609 | D:2      | You are sucked into a shaft and drop 2 floors!
   679 | D:4      | Found Keagiud's General Store.
   724 | D:4      | Noticed a black bear
   735 | D:4      | Reached XP level 3. HP: 18/18 MP: 4/4
   740 | D:4      | Killed a black bear
   741 | D:4      | Reached skill level 6 in Stealth
   741 | D:4      | Gained mutation: Your natural rate of healing is unusually
                  | fast. [Vine Stalker growth]
   741 | D:4      | Reached XP level 4. HP: 18/23 MP: 5/5
   756 | D:4      | Reached XP level 5. HP: 19/26 MP: 3/6
   760 | D:4      | Killed from afar by an orc priest

Illustrated notes

Levels and vault maps discovered:
D:1:      saegor_arrival_simple_b, layout_basic
D:2:      layout_loops_ring, grunt_ministairs_7, minmay_misc_feat_more_columns,
          grunt_decor_arrowhead, minmay_gold_behind_fungi
D:4:      layout_basic, overflow_temple_1_default,
          mainiacjoe_overflow_small_starburst, serial_shops, shop

Skill      XL: |  1  2  3 |
---------------+----------+-----
Stealth        | 5 6 |  6.6
Short Blades   | 2 3 |  3.5
Fighting       | |  1.8
Throwing       | |  1.9
Dodging        | |  0.7

Action                     |  1- 3 |  4- 6 || total
---------------------------+-------+-------++-------
  Melee: Dagger            |    29 |       ||    29
         Bite              |     5 |     6 ||    11
         Short sword       |    10 |    12 ||    22
  Throw: Dart              |     4 |     5 ||     9
   Stab: Sleeping          |     7 |       ||     7
 Armour: Robe              |     8 |       ||     8
         Leather armour    |     4 |     2 ||     6
  Dodge: Dodged            |    19 |     6 ||    25

Table legend: (Time is in decaauts)
 A = Elapsed time spent in this place.
 B = Non-inter-level travel time spent in this place.
 C = Inter-level travel time spent in this place.
 D = Time resting spent in this place.
 E = Time spent auto-exploring this place.
 F = Levels seen in this place.
 G = Mean time per level.
                   A        B        C        D        E       F      G
               +--------+--------+--------+--------+--------+-----+--------+
         Total |    750 |    745 |      5 |      0 |    548 |   3 |  250.0 |
       Dungeon |    750 |    745 |      5 |      0 |    548 |   3 |  250.0 |
               +--------+--------+--------+--------+--------+-----+--------+

Top non-repeatable levels by time:
     D:1: 554 daAuts
     D:4: 145 daAuts
     D:2: 50 daAuts
